 Dungeon Sprint DCSS version 0.26-a0-690-gcb57259078 (webtiles) character file.

Game seed: 16673418497558513011

1544 jfcaron the Covert (level 8, -3/62 HPs)
             Began as an Octopode Brigand on Oct 23, 2020.
             Was a Follower of Wu Jian.
             Slain by a centaur warrior (15 damage)
             ... in the Dungeon (Sprint I: "Red Sonja").
             The game lasted 00:03:40 (635 turns).

jfcaron the Covert (Octopode Brigand)                Turns: 635, Time: 00:03:42

Health: -3/62      AC:  2    Str: 11    XL:     8   Next: 87%
Magic:  8/8        EV: 19    Int: 14    God:    Wu Jian [*.....]
Gold:   452        SH:  5    Dex: 14    Spells: 7/7 levels left

rFire    . . .     SeeInvis .   a - +2 dagger
rCold    . . .     Faith    .   m - +0 buckler
rNeg     . . .     Spirit   .   l - +1 hat
rPois    .         Reflect  .   (no amulet)
rElec    .         Harm     .   s - ring of stealth
rCorr    .         Rampage  .   (no ring)
MR       .....     NoTele   +   (no ring)
Stlth    +++++++...             (no ring)
HPRegen  0.20/turn              (no ring)
MPRegen  0.11/turn              (no ring)
                                (no ring)
                                (no ring)

@: no status effects
A: almost no armour, stealthy swim, amphibious, 8 rings, constrict 8, camouflage
1, gelatinous body 1
a: Renounce Religion


You were in the Dungeon.
You worshipped Wu Jian.
Wu Jian was aware of your devotion.
You visited 1 branch You collected 728 gold pieces.
You spent 276 gold pieces at shops.

Inventory:

Hand Weapons
 a - a +2 dagger (weapon)
 n - a +2 short sword of distortion
Missiles
 b - 8 poisoned darts (quivered)
 c - 11 curare-tipped darts {!f}
 r - 15 stones
Armour
 l - a +1 hat (worn)
 m - a +0 buckler (worn)
Jewellery
 s - a ring of stealth (left tentacle)
Wands
 j - a wand of flame (6)
Scrolls
 i - a scroll of blinking
 k - a scroll of remove curse {unknown}
 o - a scroll of magic mapping {unknown}
 p - a scroll of fear {unknown}
 q - a scroll of enchant weapon {unknown}
Potions
 d - 4 potions of curing
 f - a potion of haste
 g - 2 potions of magic
 h - a potion of berserk rage


   Skills:
 + Level 8.5 Fighting
 + Level 8.7 Short Blades
 + Level 8.7 Throwing
 + Level 8.9 Dodging
 + Level 12.6 Stealth
 - Level 4.0 Shields


You had 7 spell levels left.
You didn't know any spells.
Your spell library was empty.

Dungeon Overview and Level Annotations

Branches:
Dungeon (1/1)

Altars:
Cheibriados
Dithmenos
Elyvilon
Fedhas
Gozag
Hepliaklqana
Kikubaaqudgha
Nemelex Xobeh
Okawaru
Qazlal
Ru
Sif Muna
Trog
Uskayaw
Vehumet
Wu Jian
Yredelemnul
Zin
The Shining One

Shops:
D [


Innate Abilities, Weirdness & Mutations

You cannot wear most types of armour.
You are very stealthy in the water. (Stealth+)
You are amphibious.
You can wear up to eight rings at the same time.
You can use your tentacles to constrict eight enemies at once.
Your skin changes colour to match your surroundings (Stealth+).
Your rubbery body absorbs attacks. (AC +1, EV +1)


Message History

The centaur warrior unwields a +0 shortbow.
The centaur warrior closely misses you.
You feel much better. The centaur warrior hits you.
The centaur warrior hits you!
* * * LOW HITPOINT WARNING * * *
You hit the centaur warrior but do no damage.
Your squeeze misses the centaur warrior.
The centaur warrior is lightly wounded.
You block the centaur warrior's attack. The centaur warrior misses you.
You barely miss the centaur warrior. You squeeze the centaur warrior.
The centaur warrior is moderately wounded.
You block the centaur warrior's attack.
The centaur warrior completely misses you.
You hit the centaur warrior but do no damage.
You squeeze the centaur warrior.
The centaur warrior is moderately wounded.
The centaur warrior hits you.
* * * LOW HITPOINT WARNING * * *
The centaur warrior hits you!
You die...

..'..#..'..#..+
..#####'#####'# #
).####..#...#[####§§#
..#__####..##.#§§§§.
..#_____##'#_.+§§§§
⌠⌠#_.∩..†'..._#§§§
###_..__##_.#'##§###
#_____###'#.#cc(.#
#########.####@###
......+...'.....+
+++####.†.#######
###.### #.#'#.#
#.....# #.[...#
#######


You could see 2 centaur warriors.

Vanquished Creatures
  Sonja (D)
  A deep troll (D)
  A gargoyle (D)
  Sigmund (D)
  A yak (D)
  An ogre (D)
  A jelly (D)
  Ijyb (D)
  2 ballistomycete spores (D)
10 creatures vanquished.

Notes
Turn   | Place    | Note
-------+----------+-------------------------------------------
     0 | D        | jfcaron the Octopode Brigand began the quest for the Orb.
     0 | D        | Reached XP level 1. HP: 14/14 MP: 1/1
     1 | D        | Noticed Ijyb
     6 | D        | Killed Ijyb
     6 | D        | Reached skill level 6 in Stealth
     6 | D        | Reached XP level 2. HP: 18/21 MP: 2/2
     6 | D        | Reached XP level 3. HP: 22/26 MP: 3/3
    48 | D        | Noticed an ogre
    60 | D        | Killed an ogre
    60 | D        | Reached skill level 7 in Stealth
    60 | D        | Reached XP level 4. HP: 34/34 MP: 4/4
    87 | D        | Noticed Sigmund
    87 | D        | Killed a gargoyle
    90 | D        | Killed Sigmund
    90 | D        | Reached skill level 5 in Fighting
    90 | D        | Reached skill level 5 in Short Blades
    90 | D        | Reached skill level 5 in Throwing
    90 | D        | Reached skill level 5 in Dodging
    90 | D        | Reached skill level 9 in Stealth
    90 | D        | Reached XP level 5. HP: 41/41 MP: 5/5
    90 | D        | Reached XP level 6. HP: 46/46 MP: 6/6
   103 | D        | Found an ornate altar of the Wu Jian Council.
   103 | D        | Found a shimmering blue altar of Sif Muna.
   105 | D        | Found a radiant altar of Vehumet.
   118 | D        | HP: 7/46 [acid (3)]
   403 | D        | Became a worshipper of the Wu Jian Council
   406 | D        | Found Biclik's Antique Armour Emporium.
   406 | D        | Found an ancient bone altar of Kikubaaqudgha.
   406 | D        | Found a hazy altar of Hepliaklqana.
   406 | D        | Found a stormy altar of Qazlal.
   406 | D        | Found a hide-covered altar of Uskayaw.
   406 | D        | Found a blossoming altar of Fedhas.
   406 | D        | Found a bloodstained altar of Trog.
   406 | D        | Found an iron altar of Okawaru.
   406 | D        | Found a basalt altar of Yredelemnul.
   406 | D        | Found a glowing golden altar of the Shining One.
   406 | D        | Found a snail-covered altar of Cheibriados.
   406 | D        | Found a sacrificial altar of Ru.
   406 | D        | Found a glowing silver altar of Zin.
   406 | D        | Found a shadowy altar of Dithmenos.
   406 | D        | Found a white marble altar of Elyvilon.
   406 | D        | Noticed a yak
   407 | D        | Found an opulent altar of Gozag.
   407 | D        | Killed a yak
   407 | D        | Reached skill level 10 in Stealth
   407 | D        | Reached XP level 7. HP: 53/53 MP: 7/7
   408 | D        | Found a sparkling altar of Nemelex Xobeh.
   412 | D        | Bought a glowing hat for 168 gold pieces
   412 | D        | Bought a buckler for 108 gold pieces
   428 | D        | Noticed Sonja
   431 | D        | Killed Sonja
   431 | D        | Reached skill level 11 in Stealth
   431 | D        | Reached XP level 8. HP: 61/61 MP: 8/8
   565 | D        | Noticed a deep troll
   568 | D        | Killed a deep troll
   568 | D        | Reached * piety under Wu Jian
   568 | D        | Reached skill level 12 in Stealth
   621 | D        | Noticed a centaur warrior
   621 | D        | Noticed a centaur warrior
   635 | D        | HP: 12/62 [centaur warrior (6)]
   635 | D        | Slain by a centaur warrior

Illustrated notes

Levels and vault maps discovered:
D:        dungeon_sprint_1 [red_sonja_temple_1, red_sonja_temple_small_1]

Skill      XL: |  1  2  3  4  5  6  7  8 |
---------------+-------------------------+-----
Fighting       | 3 4 5 6 7 8 |  8.5
Short Blades   | 3 4 5 6 7 8 |  8.7
Throwing       | 3 4 5 6 7 8 |  8.7
Dodging        | 2 4 5 6 7 8 |  8.9
Stealth        | 6 7 9 10 11 12 | 12.6
Shields        | 3 4 |  4.0

Action                   |  1- 3 |  4- 6 |  7- 9 || total
-------------------------+-------+-------+-------++-------
Melee: Dagger            |     3 |     8 |    14 ||    25
       Constrict         |     1 |       |       ||     1
       Tentacles         |       |     4 |     4 ||     8
Throw: Dart              |     6 |     3 |       ||     9
Invok: Lunge             |       |     1 |     2 ||     3
       Whirlwind         |       |       |     1 ||     1
  Use: Potion            |       |       |     1 ||     1
 Stab: Sleeping          |     1 |     2 |     3 ||     6
Dodge: Dodged            |     1 |     2 |     5 ||     8
Block: Buckler           |       |       |     3 ||     3

Table legend: (Time is in decaauts)
 A = Elapsed time spent in this place.
 B = Non-inter-level travel time spent in this place.
 C = Inter-level travel time spent in this place.
 D = Time resting spent in this place.
 E = Time spent auto-exploring this place.
 F = Levels seen in this place.
 G = Mean time per level.
                   A        B        C        D        E       F      G
               +--------+--------+--------+--------+--------+-----+--------+
         Total |    626 |    606 |     20 |    375 |      0 |   1 |  626.0 |
       Dungeon |    626 |    606 |     20 |    375 |      0 |   1 |  626.0 |
               +--------+--------+--------+--------+--------+-----+--------+

Top non-repeatable levels by time:
       D: 626 daAuts
